PAA
NORTHVILLE ECLIPSE @ TACOMA FUR TRADERS
08/11/2026
 
TOP OF THE 1ST
Northville Eclipse batting - Pitching for Tacoma Fur Traders : LHP César González
Pitching: LHP César González
Batting: RHB Alfonso Grappasonni 0-0: Ball
1-0: Foul Ball, location: 2F
1-1: Foul Ball, location: 2F
1-2: Strikes out swinging
Batting: RHB Dave Shaw 0-0: Foul Ball, location: 2F
0-1: Ball
1-1: Ball
2-1: Called Strike
2-2: Ball
3-2: SINGLE (Line Drive, 9S)
Batting: RHB José Sánchez 0-0: Called Strike
0-1: Called Strike
0-2: Strikes out swinging
Batting: RHB Luis Hernández 0-0: Ball
1-0: Called Strike
1-1: Called Strike
1-2: Foul Ball, location: 2F
1-2: Fly out, F8 (Flyball, 89M)
Top of the 1st over - 0 run(s), 1 hit(s), 0 error(s), 1 left on base; Northville 0 - Tacoma 0
BOTTOM OF THE 1ST
Tacoma Fur Traders batting - Pitching for Northville Eclipse : RHP Bob Payne
Pitching: RHP Bob Payne
Batting: RHB Andy Moore 0-0: Ball
1-0: Fly out, F9 (Flyball, 9S)
Batting: RHB Luis Flores 0-0: Called Strike
0-1: Ball
1-1: Called Strike
1-2: Ground out 4-3 (Groundball, 34D)
Batting: SHB Enrique Costello 0-0: Called Strike
0-1: SINGLE (Line Drive, 8LS)
Batting: RHB Xavier Pérez 0-0: Called Strike
0-1: Called Strike
Enrique Costello steals 2nd base
0-2: Ball
1-2: Strikes out swinging
Bottom of the 1st over - 0 run(s), 1 hit(s), 0 error(s), 1 left on base; Northville 0 - Tacoma 0
TOP OF THE 2ND
Northville Eclipse batting - Pitching for Tacoma Fur Traders : LHP César González
Batting: RHB Cosmo Bjorkenheim 0-0: Swinging Strike
0-1: Foul Ball, location: 2F
0-2: Ball
1-2: Fly out, F8 (Line Drive, 8LM)
Batting: RHB Luis Guerrero 0-0: Ball
1-0: Ground out 1-3 (Groundball, 15)
Batting: RHB Ghislain Vespucci 0-0: Called Strike
0-1: Foul Ball, location: 2F
0-2: Ball
1-2: Foul Ball, location: 2F
1-2: Foul Ball, location: 2F
1-2: Foul Ball, location: 2F
1-2: Foul Ball, location: 2F
1-2: Foul Ball, location: 2F
1-2: Ball
2-2: Ball
3-2: Ground out 5-3 (Groundball, 56)
Top of the 2nd over - 0 run(s), 0 hit(s), 0 error(s), 0 left on base; Northville 0 - Tacoma 0
BOTTOM OF THE 2ND
Tacoma Fur Traders batting - Pitching for Northville Eclipse : RHP Bob Payne
Batting: LHB Felipe Trujillo 0-0: Called Strike
0-1: Foul Ball, location: 2F
0-2: Strikes out swinging
Batting: SHB Carlos Alicea 0-0: Fly out, F6 (Popup, 6MD)
Batting: RHB Tim Lehman 0-0: Called Strike
0-1: Swinging Strike
0-2: Strikes out swinging, 2-3 out at first.
Bottom of the 2nd over - 0 run(s), 0 hit(s), 0 error(s), 0 left on base; Northville 0 - Tacoma 0
TOP OF THE 3RD
Northville Eclipse batting - Pitching for Tacoma Fur Traders : LHP César González
Batting: RHB Alfonso López 0-0: Ground out 5-3 (Groundball, 5S)
Batting: RHB Dan Hart 0-0: Ball
1-0: Called Strike
1-1: SINGLE (Line Drive, 78M)
Batting: RHB Alfonso Grappasonni 0-0: Called Strike
0-1: Foul Ball, location: 2F
0-2: Ball
1-2: Ball
2-2: Fly out, F8 (Flyball, 8RM)
Batting: RHB Dave Shaw 0-0: Called Strike
0-1: Foul Ball, location: 2F
0-2: Ball
1-2: Fielders Choice at 2nd, 5-4 (Groundball, 56)
Top of the 3rd over - 0 run(s), 1 hit(s), 0 error(s), 0 left on base; Northville 0 - Tacoma 0
BOTTOM OF THE 3RD
Tacoma Fur Traders batting - Pitching for Northville Eclipse : RHP Bob Payne
Batting: RHB Britt Lynch 0-0: Foul Ball, location: 2F
0-1: Fly out, F7 (Flyball, 7)
Batting: LHB Dave Knight 0-0: Ball
1-0: Called Strike
1-1: Foul Ball, location: 2F
1-2: Foul Ball, location: 2F
1-2: Foul Ball, location: 2F
1-2: Strikes out looking
Batting: RHB Andy Moore 0-0: Ball
1-0: Ball
2-0: Foul Ball, location: 2F
2-1: Foul Ball, location: 2F
2-2: Foul Ball, location: 2F
2-2: Foul Ball, location: 2F
2-2: Ball
3-2: Foul Ball, location: 2F
3-2: Base on Balls
Batting: RHB Luis Flores 0-0: Ball
Throwing error on steal attempt, E2
Andy Moore to third
1-0: Foul Ball, location: 2F
1-1: Ball
2-1: Ball
3-1: Ground out 6-3 (Groundball, 6MS)
Bottom of the 3rd over - 0 run(s), 0 hit(s), 1 error(s), 1 left on base; Northville 0 - Tacoma 0
TOP OF THE 4TH
Northville Eclipse batting - Pitching for Tacoma Fur Traders : LHP César González
Batting: RHB José Sánchez 0-0: Called Strike
0-1: Foul Ball, location: 2F
0-2: Ball
1-2: Ball
2-2: Strikes out swinging
Batting: RHB Luis Hernández 0-0: Foul Ball, location: 2F
0-1: Ball
1-1: Ground out 5-3 (Groundball, 5S)
Batting: RHB Cosmo Bjorkenheim 0-0: Ball
1-0: Called Strike
1-1: Foul Ball, location: 2F
1-2: Ground out 4-3 (Groundball, 34)
Top of the 4th over - 0 run(s), 0 hit(s), 0 error(s), 0 left on base; Northville 0 - Tacoma 0
BOTTOM OF THE 4TH
Tacoma Fur Traders batting - Pitching for Northville Eclipse : RHP Bob Payne
Batting: SHB Enrique Costello 0-0: Ball
1-0: Ball
2-0: Ball
3-0: Fly out, F6 (Line Drive, 6M)
Batting: RHB Xavier Pérez 0-0: Called Strike
0-1: Ball
1-1: Ball
2-1: Ground out 5-3 (Groundball, 56S)
Batting: LHB Felipe Trujillo 0-0: Called Strike
0-1: Ball
1-1: Called Strike
1-2: Strikes out looking
Bottom of the 4th over - 0 run(s), 0 hit(s), 0 error(s), 0 left on base; Northville 0 - Tacoma 0
TOP OF THE 5TH
Northville Eclipse batting - Pitching for Tacoma Fur Traders : LHP César González
Batting: RHB Luis Guerrero 0-0: Ball
1-0: Called Strike
1-1: Bunt missed!
1-2: Strikes out swinging
Batting: RHB Ghislain Vespucci 0-0: Ball
1-0: Ball
2-0: Called Strike
2-1: Foul Ball, location: 2F
2-2: SINGLE (Groundball, 6MD)
Batting: RHB Alfonso López 0-0: Ball
1-0: Foul Ball, location: 2F
1-1: Called Strike
1-2: Foul Ball, location: 2F
1-2: Strikes out swinging
Batting: RHB Dan Hart 0-0: Ball
1-0: Called Strike
1-1: Called Strike
1-2: Strikes out swinging
Top of the 5th over - 0 run(s), 1 hit(s), 0 error(s), 1 left on base; Northville 0 - Tacoma 0
BOTTOM OF THE 5TH
Tacoma Fur Traders batting - Pitching for Northville Eclipse : RHP Bob Payne
Batting: SHB Carlos Alicea 0-0: Called Strike
0-1: Ball
1-1: Called Strike
1-2: Ball
2-2: Ball
3-2: Fly out, F4 (Popup, 34D)
Batting: RHB Tim Lehman 0-0: Ball
1-0: Swinging Strike
1-1: Ball
2-1: Ball
3-1: SINGLE (Groundball, 4MD)
Batting: RHB Britt Lynch 0-0: Called Strike
0-1: Ball
1-1: Ball
2-1: Foul Ball, location: 2F
2-2: SINGLE (Line Drive, 6M)
Tim Lehman to second
Runner from 2nd tries for 3rd, SAFE, no throw
Batting: LHB Dave Knight 0-0: Ball
1-0: Ball
2-0: Swinging Strike
2-1: Fly out, F6 (Popup, 6)
Batting: RHB Andy Moore 0-0: Ball
1-0: Foul Ball, location: 2F
1-1: Ball
2-1: Ball
3-1: Fly out, F9 (Flyball, 89S)
Bottom of the 5th over - 0 run(s), 2 hit(s), 0 error(s), 2 left on base; Northville 0 - Tacoma 0
TOP OF THE 6TH
Northville Eclipse batting - Pitching for Tacoma Fur Traders : LHP César González
Batting: RHB Alfonso Grappasonni 0-0: Swinging Strike
0-1: Ball
1-1: Ball
2-1: Ball
3-1: Fly out, F7 (Flyball, 7)
Batting: RHB Dave Shaw 0-0: Ball
1-0: Swinging Strike
1-1: Ball
2-1: Swinging Strike
2-2: Strikes out swinging
Batting: RHB José Sánchez 0-0: Fly out, F4 (Line Drive, 4)
Top of the 6th over - 0 run(s), 0 hit(s), 0 error(s), 0 left on base; Northville 0 - Tacoma 0
BOTTOM OF THE 6TH
Tacoma Fur Traders batting - Pitching for Northville Eclipse : RHP Bob Payne
Batting: RHB Luis Flores 0-0: Ball
1-0: SINGLE (Line Drive, 7LS)
Batting: SHB Enrique Costello 0-0: Ball
1-0: Foul Ball, location: 2F
1-1: Ball
2-1: Ball
3-1: Foul Ball, location: 2F
3-2: Strikes out swinging
Batting: RHB Xavier Pérez 0-0: Called Strike
0-1: Ball
1-1: Called Strike
1-2: Ball
2-2: Ball
3-2: Foul Ball, location: 2F
3-2: Strikes out swinging
Batting: LHB Felipe Trujillo 0-0: Called Strike
0-1: Ball
1-1: Swinging Strike
1-2: Strikes out swinging
Bottom of the 6th over - 0 run(s), 1 hit(s), 0 error(s), 1 left on base; Northville 0 - Tacoma 0
TOP OF THE 7TH
Northville Eclipse batting - Pitching for Tacoma Fur Traders : LHP César González
Batting: RHB Luis Hernández 0-0: Called Strike
0-1: Ball
1-1: Swinging Strike
1-2: Ball
2-2: Foul Ball, location: 2F
2-2: Ball
3-2: Fly out, F2 (Popup, 23)
Batting: RHB Cosmo Bjorkenheim 0-0: Fly out, F5 (Line Drive, 56S)
Batting: RHB Luis Guerrero 0-0: Swinging Strike
0-1: Ball
1-1: Ball
2-1: Fly out, F4 (Popup, 4S)
Top of the 7th over - 0 run(s), 0 hit(s), 0 error(s), 0 left on base; Northville 0 - Tacoma 0
BOTTOM OF THE 7TH
Tacoma Fur Traders batting - Pitching for Northville Eclipse : RHP Bob Payne
Batting: SHB Carlos Alicea 0-0: Called Strike
0-1: Ball
1-1: Ball
2-1: Fly out, F7 (Line Drive, 78M)
Batting: RHB Tim Lehman 0-0: Ball
1-0: Foul Ball, location: 2F
1-1: Ball
2-1: Foul Ball, location: 2F
2-2: Ball
3-2: Foul Ball, location: 2F
3-2: Foul Ball, location: 2F
3-2: SINGLE (Groundball, 4) (infield hit)
Pitching: RHP Kyle MacRae
Batting: RHB Britt Lynch 0-0: Ball
1-0: Swinging Strike
1-1: Ball
2-1: Ball
3-1: Foul Ball, location: 2F
3-2: Strikes out swinging
Batting: LHB Dave Knight 0-0: SINGLE (Groundball, 34D)
Tim Lehman to second
Runner from 2nd tries for 3rd, SAFE, throw made to third
Batting: RHB Andy Moore 0-0: Called Strike
0-1: Foul Ball, location: 2F
0-2: Strikes out swinging
Bottom of the 7th over - 0 run(s), 2 hit(s), 0 error(s), 2 left on base; Northville 0 - Tacoma 0
TOP OF THE 8TH
Northville Eclipse batting - Pitching for Tacoma Fur Traders : LHP César González
Pitching: RHP Brooks Dempsey
Pinch Hitting: LHB Jim Unknown 0-0: Foul Ball, location: 2F
0-1: DOUBLE (Flyball, 78M)
Pinch Hitting: RHB Jim Unknown 0-0: Intentional Walk
Batting: RHB Dan Hart 0-0: Bunt missed!
0-1: Sac Bunt - play at first, batter OUT! 1-4
Jim Unknown to third
Jim Unknown to second
Batting: RHB Alfonso Grappasonni 0-0: Ball
1-0: Called Strike
1-1: Swinging Strike
1-2: Ball
2-2: Strikes out swinging
Batting: RHB Dave Shaw 0-0: Ground out 6-3 (Groundball, 6M)
Top of the 8th over - 0 run(s), 1 hit(s), 0 error(s), 2 left on base; Northville 0 - Tacoma 0
BOTTOM OF THE 8TH
Tacoma Fur Traders batting - Pitching for Northville Eclipse : RHP Kyle MacRae
Now at SS: Darby Carveth
Now in RF: Jim Unknown
Batting: RHB Luis Flores 0-0: Ball
1-0: Ball
2-0: Foul Ball, location: 2F
2-1: Foul Ball, location: 2F
2-2: Ground out 6-3 (Groundball, 6)
Batting: SHB Enrique Costello 0-0: Ground out 4-3 (Groundball, 34)
Batting: RHB Xavier Pérez 0-0: Ground out U3 (Groundball, 3)
Bottom of the 8th over - 0 run(s), 0 hit(s), 0 error(s), 0 left on base; Northville 0 - Tacoma 0
TOP OF THE 9TH
Northville Eclipse batting - Pitching for Tacoma Fur Traders : RHP Brooks Dempsey
Pitching: RHP Jeff Pearce
Batting: RHB José Sánchez 0-0: Fly out, F8 (Flyball, 8RXD)
Batting: RHB Luis Hernández 0-0: Ball
1-0: Fly out, F9 (Flyball, 9S)
Batting: RHB Cosmo Bjorkenheim 0-0: Hit by Pitch
Batting: RHB Luis Guerrero 0-0: Ball
1-0: SINGLE (Groundball, 6MD)
Cosmo Bjorkenheim to second
Runner from 2nd tries for 3rd, OUT!
Top of the 9th over - 0 run(s), 1 hit(s), 0 error(s), 1 left on base; Northville 0 - Tacoma 0
BOTTOM OF THE 9TH
Tacoma Fur Traders batting - Pitching for Northville Eclipse : RHP Kyle MacRae
Batting: LHB Felipe Trujillo 0-0: Called Strike
0-1: Called Strike
0-2: Foul Ball, location: 2F
0-2: Ground out 3-1 (Groundball, 34)
Batting: SHB Carlos Alicea 0-0: Ball
1-0: Called Strike
1-1: Foul Ball, location: 2F
1-2: Foul Ball, location: 2F
1-2: Ball
2-2: Strikes out looking
Batting: RHB Tim Lehman 0-0: Called Strike
0-1: Ball
1-1: Ball
2-1: Foul Ball, location: 2F
2-2: Strikes out swinging, 2-3 out at first.
Bottom of the 9th over - 0 run(s), 0 hit(s), 0 error(s), 0 left on base; Northville 0 - Tacoma 0
TOP OF THE 10TH
Northville Eclipse batting - Pitching for Tacoma Fur Traders : RHP Jeff Pearce
Batting: LHB Jim Unknown 0-0: Ball
1-0: Called Strike
1-1: Called Strike
1-2: Foul Ball, location: 2F
1-2: Ball
2-2: Ball
3-2: Base on Balls
Batting: RHB Darby Carveth 0-0: Ball
1-0: Bunted foul
1-1: Ball
2-1: Sac Bunt - play at first, batter OUT! 3-4
Jim Unknown to second
Batting: RHB Dan Hart 0-0: Foul Ball, location: 2F
0-1: Fly out, F8 (Flyball, 8LM)
Batting: RHB Alfonso Grappasonni 0-0: Ball
1-0: Ball
2-0: Ball
3-0: Base on Balls
Batting: RHB Dave Shaw 0-0: Ball
1-0: Swinging Strike
1-1: Fielders Choice at 2nd, 4-6 (Groundball, 4)
Top of the 10th over - 0 run(s), 0 hit(s), 0 error(s), 1 left on base; Northville 0 - Tacoma 0
BOTTOM OF THE 10TH
Tacoma Fur Traders batting - Pitching for Northville Eclipse : RHP Kyle MacRae
Batting: RHB Britt Lynch 0-0: SOLO HOME RUN (Flyball, 7D), Distance : 425 ft
Monday, March 20th, 2017 - OOTP Baseball 17.12 Build 75